 Dungeon Crawl Stone Soup version 0.24.0-35-gdb84b6a5db (webtiles) character file.

Game seed: 11430541238160582217, levelgen mode: deterministic

72 MJtheKandyman the Charmwright (level 4, -3/38 HPs)
             Began as a Gnoll Skald on Nov 19, 2019.
             Slain by Crazy Yiuf
             ... wielding a +3 quarterstaff of chaos
              (4 damage)
             ... while paralysed by Crazy Yiuf
             ... on level 2 of the Dungeon.
             The game lasted 00:13:50 (2176 turns).

MJtheKandyman the Charmwright (Gnoll Skald)         Turns: 2176, Time: 00:13:50

Health: -3/38      AC:  3    Str: 14    XL:     4   Next: 25%
Magic:  7/11       EV:  2    Int: 15    God:
Gold:   66         SH:  0    Dex: 15    Spells: 4/13 levels left

rFire    . . .     SeeInvis .   a - +0 short sword
rCold    . . .     Gourm    .   (no shield)
rNeg     . . .     Faith    .   b - +0 leather armour
rPois    .         Spirit   .   (no helmet)
rElec    .         Reflect  .   (no cloak)
rCorr    .         Harm     .   (no gloves)
MR       .....                  (no boots)
Stlth    +.........             (no amulet)
HPRegen  0.12/turn              (no ring)
MPRegen  0.12/turn              (no ring)

@: paralysed, infused, lightly drained
A: distributed training, fangs 1, strong nose
a: no special abilities


You were on level 2 of the Dungeon.
You were not hungry.

You visited 1 branch of the dungeon, and saw 2 of its levels.

You collected 66 gold pieces.

Inventory:

Hand Weapons
 a - a +0 short sword (weapon)
 f - a +0 hunting sling
 m - a +0 dagger
 o - a +0 trident
 s - a +0 hunting sling
 t - a +0 trident
Missiles
 j - 137 stones (quivered)
 n - 23 sling bullets
Armour
 b - a +0 leather armour (worn)
 e - a +0 leather armour
 p - a +0 scale mail
Jewellery
 l - a +3 ring of protection {unknown}
Scrolls
 g - a scroll of teleportation {unknown}
 h - 5 scrolls of remove curse
 i - 4 scrolls of identify
 r - a scroll of enchant armour {unknown}
Potions
 c - a potion of brilliance
Comestibles
 d - 4 rations


   Skills:
 + Level 4.6(4.3) Fighting
 + Level 4.6(4.3) Short Blades
 + Level 1.0(0.8) Long Blades
 + Level 1.0(0.8) Axes
 + Level 1.0(0.8) Maces & Flails
 + Level 1.0(0.8) Polearms
 + Level 1.0(0.8) Staves
 + Level 1.0(0.8) Slings
 + Level 1.0(0.8) Bows
 + Level 1.0(0.8) Crossbows
 + Level 1.0(0.8) Throwing
 + Level 2.7(2.4) Armour
 + Level 4.6(4.3) Dodging
 + Level 1.0(0.8) Stealth
 + Level 1.0(0.8) Shields
 + Level 1.0(0.8) Unarmed Combat
 + Level 5.0(4.7) Spellcasting
 + Level 0.8(0.5) Conjurations
 + Level 0.8(0.5) Hexes
 + Level 5.4(5.1) Charms
 + Level 0.8(0.5) Summonings
 + Level 0.8(0.5) Necromancy
 + Level 0.8(0.5) Translocations
 + Level 0.8(0.5) Transmutations
 + Level 0.8(0.5) Fire Magic
 + Level 0.8(0.5) Ice Magic
 + Level 0.8(0.5) Air Magic
 + Level 0.8(0.5) Earth Magic
 + Level 0.8(0.5) Poison Magic
 + Level 1.1(0.9) Invocations
 + Level 1.0(0.8) Evocations


You had 4 spell levels left.
You knew the following spells:

 Your Spells              Type           Power        Failure   Level  Hunger
a - Infusion              Chrm           ###.         2%          1    None
b - Shroud of Golubria    Chrm/Tloc      ##....       10%         2    ##.....
c - Regeneration          Chrm/Necr      ##........   19%         3    ###....
d - Spectral Weapon       Hex/Chrm       ##......     19%         3    ###....

Your spell library contained the following spells:

 Spells                   Type           Power        Failure   Level  Hunger
 Song of Slaying          Chrm           ###.....     3%          2    ##.....


Dungeon Overview and Level Annotations

Branches:
Dungeon (2/15)

Altars:
Cheibriados
Fedhas
Hepliaklqana
Ru
Trog

Annotations:
D:2 Crazy Yiuf


Innate Abilities, Weirdness & Mutations

Your experience applies equally to all skills.
You have very sharp teeth.
Your uncanny sense of smell can sniff out nearby items.


Message History

Crazy Yiuf hits you with a +3 quarterstaff of chaos.
You are electrocuted!
* * * LOW HITPOINT WARNING * * *
You are too injured to fight recklessly!
You hit Crazy Yiuf.
Crazy Yiuf is moderately wounded.
You feel sick. Crazy Yiuf barely misses you.
It was a potion of curing.
You feel better.
Crazy Yiuf says, "Cake!
Adder cower childish."
Crazy Yiuf hits you with a +3 quarterstaff of chaos.
* * * LOW HITPOINT WARNING * * *
You feel drained.
* * * LOW HITPOINT WARNING * * *
You barely miss Crazy Yiuf. You bite Crazy Yiuf, but do no damage.
Crazy Yiuf is moderately wounded.
Crazy Yiuf hits you with a +3 quarterstaff of chaos!
* * * LOW HITPOINT WARNING * * *
You suddenly lose the ability to move!
Crazy Yiuf hits you with a +3 quarterstaff of chaos.
You die...

#........# #..# #...........
#.#รท#.##.###..######..#########
#..................#..#
#.##################### #.######
#......# ###############
#.###### ### ###.#...#........
#.###### #...##..#......######.
#......# #...g@####.........##.
######## #)..### ##..#.###.##.
### ####.# #.##. #.###.##.
#.##.#.#. ### ######.#.###..
#.##########.......## ##.
#.............#####.###.#
############.## ##.#.##


You could see Crazy Yiuf.

Vanquished Creatures
  Terence (D:2)
  4 dart slugs (D:1)
  A leopard gecko (D:2)
  5 bats
  2 giant cockroaches
  3 goblins
  7 hobgoblins
  5 kobolds
  A quokka (D:2)
  4 frilled lizards
33 creatures vanquished.

Notes
Turn   | Place    | Note
-------+----------+-------------------------------------------
     0 | D:1      | MJtheKandyman the Gnoll Skald began the quest for the Orb.
     0 | D:1      | Reached XP level 1. HP: 20/20 MP: 6/6
   219 | D:1      | Reached XP level 2. HP: 26/26 MP: 7/7
   751 | D:1      | Reached XP level 3. HP: 27/31 MP: 9/9
   817 | D:1      | Reached skill level 5 in Spellcasting
   830 | D:1      | Learned a level 2 spell: Shroud of Golubria
   834 | D:1      | Learned a level 3 spell: Regeneration
   838 | D:1      | Learned a level 3 spell: Spectral Weapon
  1171 | D:2      | Noticed Terence
  1203 | D:2      | Killed Terence
  1203 | D:2      | Reached skill level 1 in Long Blades
  1203 | D:2      | Reached skill level 1 in Axes
  1203 | D:2      | Reached skill level 1 in Maces & Flails
  1203 | D:2      | Reached skill level 1 in Polearms
  1203 | D:2      | Reached skill level 1 in Staves
  1203 | D:2      | Reached skill level 1 in Slings
  1203 | D:2      | Reached skill level 1 in Bows
  1203 | D:2      | Reached skill level 1 in Crossbows
  1203 | D:2      | Reached skill level 1 in Throwing
  1203 | D:2      | Reached skill level 1 in Stealth
  1203 | D:2      | Reached skill level 1 in Shields
  1203 | D:2      | Reached skill level 1 in Unarmed Combat
  1203 | D:2      | Reached skill level 1 in Invocations
  1203 | D:2      | Reached skill level 1 in Evocations
  1203 | D:2      | Reached XP level 4. HP: 19/38 MP: 2/11
  1678 | D:2      | Found a sacrificial altar of Ru.
  1679 | D:2      | Found a snail-covered altar of Cheibriados.
  1679 | D:2      | Found a bloodstained altar of Trog.
  1688 | D:2      | Found a blossoming altar of Fedhas.
  1822 | D:2      | Found a hazy altar of Hepliaklqana.
  2046 | D:2      | Found a runed translucent door.
  2047 | D:2      | Noticed Crazy Yiuf
  2174 | D:2      | HP: 1/38 [Crazy Yiuf/+3 quarterstaff of chaos (9)]
  2174 | D:2      | Paralysed by Crazy Yiuf for 7 turns
  2176 | D:2      | Slain by Crazy Yiuf

Levels and vault maps discovered:
D:1:      eino_arrival_druids_welcome, layout_rooms
D:2:      layout_loops_ring, lemuel_round_altar, minitemple, first_ration,
          uniq_crazy_yiuf_cottage, uniq_terence

Skill      XL: |  1  2  3 |
---------------+----------+-----
Spellcasting   | 5 |  5.0
Long Blades    | 1 |  1.0
Axes           | 1 |  1.0
Maces & Flails | 1 |  1.0
Polearms       | 1 |  1.0
Staves         | 1 |  1.0
Slings         | 1 |  1.0
Bows           | 1 |  1.0
Crossbows      | 1 |  1.0
Throwing       | 1 |  1.0
Stealth        | 1 |  1.0
Shields        | 1 |  1.0
Unarmed Combat | 1 |  1.0
Invocations    | 1 |  1.1
Evocations     | 1 |  1.0
Fighting       | |  4.6
Short Blades   | |  4.6
Armour         | |  2.7
Dodging        | |  4.6
Conjurations   | |  0.8
Hexes          | |  0.8
Charms         | |  5.4
Summonings     | |  0.8
Necromancy     | |  0.8
Translocations | |  0.8
Transmutations | |  0.8
Fire Magic     | |  0.8
Ice Magic      | |  0.8
Air Magic      | |  0.8
Earth Magic    | |  0.8
Poison Magic   | |  0.8

Action                   |  1- 3 |  4- 6 || total
-------------------------+-------+-------++-------
Melee: Short sword       |    89 |    41 ||   130
       Bite              |    10 |     4 ||    14
 Fire: Hunting sling     |       |     7 ||     7
Throw: Stone             |     1 |     4 ||     5
 Cast: Infusion          |     3 |     1 ||     4
       Shroud of Golubri |     1 |     1 ||     2
  Use: Scroll            |     2 |       ||     2
       Potion            |       |     1 ||     1
  Eat: Chunk             |     1 |     3 ||     4
Armor: Leather armour    |    17 |    10 ||    27
Dodge: Dodged            |    36 |    26 ||    62
